Map: Oxide LE

Players

Throwfordays - Winner!

  • Race: Terran Terran
  • League: Gold

MongolKhan

  • Race: Zerg Zerg
  • League: Silver

VOD

Have the link to the VOD?

Description

Time

  • Played on: Aug. 27, 2021, 7:45 p.m.
  • Length: 21:28
Show
View Real Time Build Order
Export as new Build Order

Throwfordays Terran - Winner!

Build Orders:  

Get SALT Encoding   

  12  0:00  SCV  
  13  0:12  SCV  
  14  0:18  Supply Depot  
  14  0:24  SCV  
  15  0:29  Refinery  
  15  0:41  Barracks  
  15  0:45  SCV  
  16  0:55  Supply Depot  
  16  1:00  SCV  
  17  1:22  Barracks  
  18  1:25  SCV  
  18  1:28  Reaper  
  19  1:33  Engineering Bay  
  19  1:37  SCV  
  20  1:49  SCV  
  21  2:00  Barracks  
  21  2:04  Refinery, SCV  
  21  2:07  Reaper  
  24  2:15  Reaper  
  24  2:17  SCV  
  25  2:39  Reaper  
  26  2:47  Reaper x2  
  26  2:49  SCV  
  29  3:02  SCV  
  30  3:09  Terran Infantry Weapons Level 1  
  30  3:12  Supply Depot  
  30  3:15  Supply Depot  
  30  3:19  Marine  
  31  3:33  Marine x2  
  33  3:38  Missile Turret  
  33  3:39  Missile Turret  
  33  4:08  Reaper  
  33  4:09  Reaper x2  
  36  4:24  SCV  
  36  4:25  Refinery  
  36  4:27  Refinery  
  37  4:36  SCV  
  36  4:44  Barracks Reactor  
  36  4:45  Barracks Reactor  
  36  4:51  Barracks Reactor  
  36  4:55  Factory  
  36  5:02  Command Center  
  30  5:37  Marine x6  
  36  5:48  Orbital Command  
  36  5:54  Marine x2  
  36  5:55  Marine x4  
  42  6:09  Barracks  
  42  6:12  Marine x4, Factory Tech Lab  
  42  6:13  Marine x2  
  48  6:21  Supply Depot  
  43  6:30  Marine  
  43  6:34  Siege Tank  
  46  6:45  Marine x5  
  49  6:48  Marine  
  44  6:58  Marine  
  44  7:00  Supply Depot  
  45  7:02  Marine  
  38  7:17  Marine x5  
  38  7:18  Marine  
  40  7:39  Barracks Tech Lab  
  40  7:41  Orbital Command  
  40  7:52  Siege Tank  
  40  7:54  Marine x3  
  46  8:09  SCV  
  46  8:11  SCV  
  48  8:21  SCV  
  48  8:23  SCV, Supply Depot  
  50  8:29  Combat Shield  
  50  8:31  Terran Infantry Armor Level 1  
  50  8:33  SCV  
  51  8:35  SCV  
  52  8:45  SCV  
  52  8:47  SCV  
  54  8:57  SCV  
  54  8:59  SCV  
  45  9:12  Siege Tank  
  45  9:15  Marine x7  
  54  9:28  SCV  
  55  9:32  Marine x2  
  55  9:33  Marine x5  
  62  9:40  SCV  
  63  9:48  Siege Tank  
  63  9:50  Marine x4  
  63  9:51  Marine x3  
  66  10:28  Marine x4  
  66  10:29  Marine x2  
  72  10:41  Marine  
  70  10:46  Marine x6  
  74  10:59  Marine  
  75  11:04  Marine x3  
  78  11:19  Command Center  
  78  11:21  Starport  
  78  11:22  Supply Depot  
  78  11:26  Supply Depot  
  78  11:43  Marine x6, SCV  
  85  11:55  SCV, Siege Tank  
  89  12:07  SCV  
  61  12:27  Siege Tank  
  53  12:47  Armory  
  53  12:48  Supply Depot  
  53  12:49  Starport Reactor  
  53  12:50  Marine x6  
  53  12:51  Marine  
  60  12:57  Factory  
  60  12:58  SCV  
  60  13:03  Planetary Fortress  
  60  13:04  Missile Turret  
  61  13:08  Marine x7  
  65  13:23  Siege Tank  
  65  13:26  Marine x7  
  75  13:39  Factory  
  75  13:44  Marine x7  
  82  14:02  Marine  
  83  14:08  Marine x6  
  89  14:13  Medivac x2  
  93  14:18  SCV  
  93  14:20  Marine  
  95  14:25  Marine  
  95  14:26  Marine x5  
  95  14:27  SCV  
  95  14:30  SCV  
  103  14:32  Missile Turret  
  103  14:37  Marine  
  104  14:39  Refinery, SCV  
  104  14:42  SCV  
  104  14:43  Marine x4  
  104  14:44  Marine x2, Terran Infantry Weapons Level 2  
  112  14:47  Medivac  
  112  14:48  Medivac  
  112  14:51  SCV  
  117  14:53  Factory Tech Lab  
  117  14:54  Refinery  
  117  14:55  Factory Reactor  
  117  14:57  Drilling Claws  
  117  15:01  Supply Depot  
  117  15:04  Supply Depot  
  117  15:06  Supply Depot  
  117  15:08  Supply Depot  
  117  15:12  Supply Depot  
  117  15:23  Marine x7, SCV  
  117  15:25  SCV  
  126  15:35  SCV  
  127  15:37  SCV  
  127  15:40  Marine x7  
  135  15:47  SCV  
  136  15:54  Stimpack  
  135  15:58  Marine x4  
  129  16:21  Liberator x2  
  129  16:24  Siege Tank x2  
  141  16:27  Widow Mine x2  
  141  16:31  SCV  
  146  16:35  Supply Depot  
  146  16:37  Marine x7  
  153  16:43  SCV  
  154  16:55  Marine x3  
  154  16:56  Marine x4  
  161  17:12  Marine x2  
  161  17:13  Marine  
  161  17:14  Marine  
  165  17:22  Fusion Core  
  165  17:26  Command Center  
  165  18:37  Marine x7  
  172  18:55  Marine x3  
  175  19:13  Marine  
  165  20:10  Marine x7  
  164  20:27  Marine x2  
  164  20:28  Marine x5  
  171  20:45  Marine x4  
  171  20:46  Marine x3  
  174  21:03  Marine x5  
Show
View Real Time Build Order
Export as new Build Order

MongolKhan Zerg 

Build Orders: Hatch First, Lurkers 

Get SALT Encoding   

  12  0:12  Drone x2  
  14  0:51  Overlord  
  14  0:53  Hatchery  
  13  0:59  Spawning Pool  
  13  1:02  Drone  
  13  1:10  Drone  
  13  1:11  Drone  
  15  1:20  Extractor  
  15  1:24  Extractor, Drone x2  
  15  1:35  Drone  
  17  1:46  Drone  
  18  1:49  Queen  
  20  2:01  Drone  
  21  2:09  Roach Warren, Drone  
  21  2:26  Overlord  
  21  2:43  Drone x3  
  24  2:45  Drone x2  
  24  2:48  Lair  
  26  2:53  Extractor  
  25  3:00  Drone  
  25  3:05  Zergling x4  
  28  3:06  Metabolic Boost  
  28  3:12  Roach  
  30  3:13  Overlord  
  30  3:14  Overlord  
  30  3:22  Drone  
  30  3:23  Drone x2  
  33  3:42  Baneling Nest  
  33  3:43  Drone x2  
  34  3:52  Overlord  
  34  3:58  Roach x3  
  38  4:09  Roach  
  41  4:10  Roach x3  
  43  4:23  Ravager  
  44  4:25  Ravager  
  44  4:28  Zergling x6  
  44  4:29  Drone  
  48  4:42  Drone x2  
  50  4:46  Extractor  
  50  4:51  Queen  
  51  4:58  Hatchery  
  51  4:59  Ravager x2  
  52  5:24  Queen  
  49  5:37  Roach  
  49  5:39  Overlord x2  
  51  5:52  Drone  
  52  5:57  Hydralisk Den  
  52  6:00  Pneumatized Carapace  
  51  6:07  Baneling x5  
  51  6:09  Zergling x10  
  51  6:10  Roach x3  
  53  7:06  Zergling x6  
  53  7:07  Zergling x10  
  47  7:21  Ravager x2  
  47  7:22  Ravager  
  46  7:23  Zergling x8  
  50  7:34  Drone  
  50  7:35  Drone  
  50  7:36  Overlord  
  52  7:45  Baneling x3  
  52  7:46  Baneling  
  52  7:51  Baneling x2  
  54  7:58  Roach x2  
  54  7:59  Roach x4  
  64  8:09  Lurker Den, Drone x3  
  66  8:15  Extractor  
  66  8:18  Drone  
  66  8:24  Overlord x2  
  66  8:31  Burrow  
  50  9:12  Roach x5  
  54  9:32  Roach x3  
  54  9:33  Hydralisk x5  
  70  9:39  Glial Reconstitution  
  70  9:44  Drone x3  
  73  9:50  Evolution Chamber  
  72  9:53  Overseer x2  
  72  10:00  Drone  
  72  10:01  Drone x2, Spire  
  74  10:07  Ravager  
  73  10:30  Lurker  
  72  10:36  Lurker  
  61  10:55  Ravager  
  54  10:58  Lurker x2  
  54  10:59  Lurker  
  45  11:14  Hydralisk x4  
  53  11:21  Zergling x8  
  53  11:22  Zergling x8  
  61  11:32  Ravager x3  
  64  11:42  Lurker  
  61  11:48  Lurker  
  61  11:53  Baneling x3  
  62  11:58  Zergling x8  
  62  11:59  Zergling x4  
  62  12:00  Zergling x6  
  62  12:01  Zergling x4  
  54  12:29  Zergling x6  
  56  12:34  Hatchery  
  50  12:39  Lurker x2  
  51  12:48  Drone  
  51  12:49  Drone x5  
  57  12:56  Baneling x5  
  53  13:51  Hydralisk x5  
  53  13:52  Hydralisk x3  
  62  14:04  Hydralisk x2  
  66  14:15  Zergling x14  
  66  14:16  Zergling x2  
  74  14:20  Zerg Ground Armor Level 1  
  74  14:27  Lurker  
  75  14:43  Grooved Spines  
  75  14:48  Zerg Flyer Weapons Level 1  
  75  14:49  Drone  
  75  14:50  Drone x3  
  79  14:54  Drone  
  80  15:02  Baneling x2  
  80  15:03  Baneling x3  
  80  15:10  Hatchery  
  54  16:15  Zergling x6  
  54  16:16  Zergling x12  
  63  16:27  Overlord x3  
  63  16:35  Drone  
  63  16:36  Drone x5  
  69  16:40  Overlord x2  
  69  16:45  Baneling x4  
  69  16:46  Baneling x2  
  69  16:51  Baneling x3  
  69  16:52  Baneling x5  
  69  16:53  Baneling x4  
  66  17:18  Hydralisk x3  
  66  17:19  Hydralisk x3  
  78  17:35  Infestation Pit  
  77  17:51  Overlord x2  
  72  18:12  Spore Crawler  
  71  18:22  Overlord x3  
  71  18:27  Baneling x11  
  55  19:17  Lurker x3  
  58  19:30  Zergling x4  
  58  19:31  Zergling x12  
  64  19:32  Zergling x2  
  67  19:38  Baneling x11  
Tags
 
Composition
Lurkers
Matchup
TvZ
Replay Pack
Multiplayer
Add a new tag
Caveats
  • Supply blocks, unpowered buildings, or Contaminate may cause inaccurate times.
  • Supply counts are checked every 10 seconds.